 Dungeon Crawl Stone Soup version 0.23.2-1-ga50397a (webtiles) character file.

Game seed: 4608770866236096531

123 troglodite the Slasher (level 4, -1/34 HPs)
             Began as a Demonspawn Gladiator on May 28, 2019.
             Slain by a centaur (6 damage)
             ... on level 3 of the Dungeon.
             The game lasted 00:04:48 (1316 turns).

troglodite the Slasher (Demonspawn Gladiator)       Turns: 1316, Time: 00:04:49

Health: -1/34      AC: 12    Str: 15    XL:     4   Next: 80%
Magic:  4/4        EV:  4    Int:  9    God:
Gold:   75         SH:  4    Dex: 15    Spells: 3/3 levels left

rFire    . . .     SeeInvis .   a - +0 long sword
rCold    . . .     Gourm    .   e - +0 buckler
rNeg     + . .     Faith    .   u - +0 plate armour {rN+}
rPois    .         Spirit   .   (helmet restricted)
rElec    .         Reflect  .   (no cloak)
rCorr    .         Harm     .   (no gloves)
MR       +....                  (no boots)
Stlth    ..........             (no amulet)
HPRegen  0.11/turn              k - ring of protection from magic
MPRegen  0.09/turn              p - +2 ring of slaying

@: no status effects
A: horns 1, molten scales 1
a: no special abilities


You were on level 3 of the Dungeon.
You were hungry.

You visited 1 branch of the dungeon, and saw 3 of its levels.

You collected 75 gold pieces.

Inventory:

Hand Weapons
 a - a +0 long sword (weapon)
 m - a +0 hunting sling
Missiles
 d - 3 throwing nets (quivered)
 r - 65 stones
Armour
 b - a +0 leather armour
 e - a +0 buckler (worn)
 u - a +0 plate armour of positive energy (worn)
Jewellery
 k - a ring of protection from magic (left hand)
 p - a +2 ring of slaying (right hand)
Scrolls
 g - 3 scrolls of amnesia {unknown}
 h - 3 scrolls of remove curse {unknown}
 j - a scroll of blinking {unknown}
 l - 4 scrolls of identify {unknown}
Potions
 c - 2 potions of lignification {unknown}
 i - a potion of agility {unknown}
 n - a potion of might {unknown}
 o - a potion of curing {unknown}
 q - a potion of invisibility {unknown}
 t - a potion of haste {unknown}
Comestibles
 f - 5 rations
 s - 8 chunks of flesh


   Skills:
 * Level 2.5 Fighting
 + Level 3.4 Long Blades
 * Level 1.2(1.7) Slings
 - Level 1.7(2.0) Throwing
 * Level 1.2 Armour
 * Level 3.3 Dodging
 * Level 1.1 Shields


You had 3 spell levels left.
You didn't know any spells.
Your spell library was empty.

Dungeon Overview and Level Annotations

Branches:
Dungeon (3/15)

Altars:


Innate Abilities, Weirdness & Mutations

You have a pair of small horns on your head.
You are partially covered in molten scales. (AC +2)


Message History

You hit the frilled lizard.
You kill the frilled lizard!
You see here a frilled lizard corpse.
You see here a frilled lizard corpse.
You butcher the frilled lizard corpse.
A centaur comes into view.
Things that are here:
a chunk of flesh; a frilled lizard skeleton The centaur shouts!
The centaur wields a +0 shortbow.
The centaur shoots an arrow.
The arrow hits you but does no damage.
Things that are here:
an arrow; a +0 club; a jackal corpse The centaur shoots an arrow.
The arrow hits you!
* * * LOW HITPOINT WARNING * * *
Things that are here:
an arrow; a +0 flail; a cursed +0 ring mail You hit the centaur but do no damage.
Your headbutt misses the centaur.
The centaur unwields a +0 shortbow.
The centaur hits you.
You die...

.. ..# #.##.# .#
#....# .# #....# ..#
# #....# ...#
#.###.#.#####...##
##.......%.........
..........()).......
#........c@)).......
..#.#.#.######...##
....###.## ..#
#..#.# ##.# .#
#..##.###.## #
#......#.##
#......###
###.......#
......###.# .


You could see a centaur.

Vanquished Creatures
  An orc wizard (D:3)
  4 adders
  A worm (D:3)
  2 dart slugs (D:2)
  A leopard gecko (D:2)
  3 orcs (D:3)
  3 giant cockroaches
  6 goblins
  4 hobgoblins
  6 jackals (D:3)
  6 kobolds
  A quokka (D:3)
  A ball python (D:2)
  2 bats
  2 frilled lizards
  3 rats
46 creatures vanquished.

Notes
Turn   | Place    | Note
-------+----------+-------------------------------------------
     0 | D:1      | troglodite the Demonspawn Gladiator began the quest for the
                  | Orb.
     0 | D:1      | Reached XP level 1. HP: 16/16 MP: 1/1
   294 | D:1      | Gained mutation: You have a pair of small horns on your
                  | head. [demonic ancestry]
   294 | D:1      | Reached XP level 2. HP: 18/22 MP: 2/2
   765 | D:2      | Reached XP level 3. HP: 26/27 MP: 3/3
  1265 | D:3      | Reached skill level 1 in Slings
  1271 | D:3      | Reached skill level 1 in Shields
  1271 | D:3      | Gained mutation: You are partially covered in molten
                  | scales. (AC +2) [demonic ancestry]
  1271 | D:3      | Reached XP level 4. HP: 29/34 MP: 4/4
  1274 | D:3      | Reached skill level 1 in Armour
  1313 | D:3      | Noticed a centaur
  1316 | D:3      | Slain by a centaur

Skill      XL: |  1  2  3  4 |
---------------+-------------+-----
Dodging        | 3 |  3.3
Long Blades    | 3 |  3.4
Slings         | 1 |  1.2
Shields        | 1 |  1.1
Armour         | 1 |  1.2
Fighting       | |  2.5
Throwing       | |  1.7

Action                   |  1- 3 |  4- 6 || total
-------------------------+-------+-------++-------
Melee: Long sword        |    75 |    28 ||   103
       Headbutt          |    11 |     7 ||    18
 Stab: Sleeping          |     1 |       ||     1
  Eat: Chunk             |     1 |       ||     1
Armor: Leather armour    |    16 |       ||    16
       Plate armour      |    34 |    88 ||   122
Dodge: Dodged            |    51 |    13 ||    64
Block: Buckler           |    17 |    21 ||    38
       Rpst.: Long sword |    12 |     9 ||    21
